 Dungeon Crawl Stone Soup version 0.29-a0-284-gf9362112df (webtiles) character file.

Game seed: 8006911891757615881

1140 Zonian the Chiller (level 8, -5/35 HPs)
             Began as a Vine Stalker Ice Elementalist on Mar 24, 2022.
             Was a Follower of Hepliaklqana.
             Slain by a sky beast (6 damage)
             ... on level 5 of the Dungeon on Mar 25, 2022.
             The game lasted 00:24:07 (10098 turns).

Zonian the Chiller (Vine Stalker Ice Elementalist) Turns: 10098, Time: 00:24:08

Health: -5/35      AC:  3    Str: 11    XL:     8   Next: 37%
Magic:  0/15       EV: 17    Int: 23    God:    Hepliaklqana [*.....]
Gold:   898        SH:  0    Dex: 15    Spells: 5/16 levels left

rFire   . . .      SeeInvis .     - Unarmed
rCold   . . .      Faith    .   (no shield)
rNeg    . . .      Spirit   +   a - +0 robe
rPois   .          Reflect  .   (no helmet)
rElec   .          Harm     .   l - +0 cloak
rCorr   .          Rampage  .   (no gloves)
Will    +....                   (no boots)
Stlth   +++.......              (no amulet)
HPRegen 0.91/turn               r - +6 ring of intelligence
MPRegen 0.14/turn               t - +4 ring of evasion

@: no status effects
A: reduced essence, fangs 3, regeneration 1, magic shield, antimagic bite, no
potion heal 2
a: Renounce Religion, Recall Ancestor, Ancestor Identity


You were on level 5 of the Dungeon.
You worshipped Hepliaklqana.
Hepliaklqana was aware of your devotion.
You visited 1 branch of the dungeon, and saw 5 of its levels.

You collected 898 gold pieces.

Inventory:

Hand Weapons
 f - a +2 dagger of venom
 v - the +5 flail of Okawaru's Whim {flame, Int+6}
   (You found it on level 5 of the Dungeon)

   It burns those it strikes, dealing additional fire damage.
   Int:       It affects your intelligence (+6).
Missiles
 g - 6 poisoned darts
Armour
 a - a +0 robe (worn)
 l - a +0 cloak (worn)
 p - a +0 pair of boots
 u - the +1 pair of boots of Articulation {rElec rPois Regen+ Int-5}
   (You acquired it on level 3 of the Dungeon)

   Int:       It affects your intelligence (-5).
   rElec:     It insulates you from electricity.
   rPois:     It protects you from poison.
   Regen:     It increases your rate of health regeneration.
Magical Staves
 o - a staff of poison
 s - a staff of death
Jewellery
 b - the ring "Nudwyly" {rElec rN+ Dex+6 Slay-6}
   (You found it on level 3 of the Dungeon)

   [ring of positive energy]

   Dex:       It affects your dexterity (+6).
   Slay:      It affects your accuracy & damage with ranged weapons and melee
   (-6).
   rElec:     It insulates you from electricity.
   rN:        It protects you from negative energy.
 r - a +6 ring of intelligence (left hand)
 t - a +4 ring of evasion (right hand)
Wands
 j - a wand of paralysis (4)
 q - a wand of digging (5)
Scrolls
 h - a scroll of vulnerability
 m - a scroll of enchant weapon
 n - a scroll of teleportation {unknown}
Potions
 c - a potion of ambrosia {unknown}
 d - a potion of heal wounds {unknown}
 e - 2 potions of resistance {unknown}
 i - 5 potions of curing
 k - a potion of attraction


   Skills:
 + Level 2.7 Fighting
 - Level 3.0 Dodging
 + Level 5.6 Stealth
 + Level 3.0 Unarmed Combat
 + Level 4.6 Spellcasting
 + Level 1.8 Conjurations
 + Level 5.7 Ice Magic
 + Level 2.0 Invocations


You had 5 spell levels left.
You knew the following spells:

 Your Spells              Type           Power      Damage    Failure   Level
a - Freeze                Ice            100%       1d11      1%          1
b - Frozen Ramparts       Ice            62%        1d8       2%          3
c - Ozocubu's Armour      Ice            31%        N/A       2%          3
d - Hailstorm             Conj/Ice       22%        3d7       21%         4

Your spell library contained the following spells:

 Spells                   Type           Power      Damage    Failure   Level
 Shock                    Conj/Air       36%        1d5       7%          1
 Corpse Rot               Necr/Air       10%        N/A       16%         2
 Poisonous Vapours        Pois/Air       10%        N/A       16%         2
 Conjure Flame            Conj/Fire      9%         6-21      21%         3
 Call Canine Familiar     Summ           5%         N/A       30%         3
 Ignite Poison            Fire/Tmut/Pois 5%         N/A       30%         3
 Portal Projectile        Hex/Tloc       10%        N/A       30%         3
 Swiftness                Air            5%         N/A       30%         3
 Fulminant Prism          Conj/Hex       4%         3d6       54%         4
 Sticky Flame             Conj/Fire      9%         2d3       54%         4
 Freezing Cloud           Conj/Ice/Air   8%         6-21      67%         5
 Airstrike                Air            2%         N/A       69%         4
 Leda's Liquefaction      Hex/Erth       2%         N/A       69%         4
 Summon Lightning Spire   Summ/Air       5%         N/A       69%         4
 Lightning Bolt           Conj/Air       4%         1d16      88%         5
 Silence                  Hex/Air        2%         N/A       95%         5


Dungeon Overview and Level Annotations

Branches:
Dungeon (5/15)
 Temple: D:4-7

Altars:
Gozag
Hepliaklqana
Sif Muna

Shops:
D:1 (

Annotations:
D:5 3 runed translucent doors, sirJeffrey23's ghost, novice DgGl


Innate Abilities, Weirdness & Mutations

Your life essence is reduced to manifest your ancestor. (-10% HP)
You have razor-sharp teeth.
Your natural rate of healing is unusually fast.
When hurt, damage is shared between your health and your magic reserves.
Your bite disrupts and absorbs the magic of your enemies.
Potions cannot restore your health.


Message History

The sky beast hits you. The sky beast shocks you.
You hit the sky beast but do no damage. Your bite misses the sky beast.
The sky beast is lightly wounded.
The sky beast flickers out of sight!
Deactivating autopickup; reactivate with Ctrl-A.
Something hits you. Something shocks you.
You barely miss something. Something hits you. Something shocks you.
Something completely misses you.
You barely miss something. Your bite misses something.
Gideon closely misses something.
Something hits you. Something shocks you.
You completely miss something. You bite something. You drain its power.
You feel invigorated.
Gideon hits something but does no damage.
Something hits you but does no damage.
You closely miss something.
Gideon closely misses something.
Something hits you. Something shocks you.
You closely miss something. Your bite misses something.
Gideon barely misses something.
You miss something. Your bite misses something. Something hits you.
Something shocks you.
* * * LOW HITPOINT WARNING * * *
Gideon misses something.
You miss something. Your bite misses something. Something barely misses you.
Gideon closely misses something.
You miss something. Your bite misses something. Something hits you.
Something shocks you.
* * * LOW HITPOINT WARNING * * *
Gideon barely misses something.
Okay, then.
Okay, then.
Something hits you.
* * * LOW HITPOINT WARNING * * *
Something shocks you.
* * * LOW HITPOINT WARNING * * *
Unknown command.
Okay, then.
Something hits you.
* * * LOW HITPOINT WARNING * * *
Something shocks you.
You die...

#. . #. ## . .. .. ..#. #. .#
# ..#.##. .# .# #
.......####.##..# .
..#.#.....R≈....# #
........##..##..# .#.
..###.#..@............#
.....$................##
.####.#.##..##..##.....
#.####.#.##.......#.#.##### #
#.#...............#........
#.##.#.##.#..#.##....#.#.##..#
.............................
..........^.........†......##
###.....##.#..#....###.#....


You could see the friendly Gideon the ancestor.

Vanquished Creatures
  A black bear (D:4)
  An ogre (D:4)
  A phantom (D:5)
  A kobold brigand (D:3)
  A scorpion (D:5)
  3 howler monkeys (D:3)
  3 hounds (D:3)
  An orc wizard (D:3)
  Robin (D:3)
  7 adders
  19 gnolls (D:3)
  2 white imps
  An ufetubus (D:5)
  4 worms
  2 dart slugs
  22 orcs
  8 ball pythons
  6 bats
  7 endoplasms
  4 giant cockroaches
  8 hobgoblins
  16 jackals
  3 quokkas
  2 frilled lizards (D:1)
  9 goblins
  9 kobolds
  2 rats
144 creatures vanquished.

Vanquished Creatures (collateral kills)
  A phantom (D:5)
  A hound (D:4)
  An adder (D:5)
  A hobgoblin (D:4)
  2 kobolds (D:4)
6 creatures vanquished.

Vanquished Creatures (others)
  6 plants
6 creatures vanquished.

Grand Total: 156 creatures vanquished

Notes
Turn   | Place    | Note
-------+----------+-------------------------------------------
     0 | D:1      | Zonian the Vine Stalker Ice Elementalist began the quest
                  | for the Orb.
     0 | D:1      | Reached XP level 1. HP: 9/9 MP: 4/4
   522 | D:1      | Found Tuips's Weapon Shop.
   540 | D:1      | Reached XP level 2. HP: 10/13 MP: 3/6
   968 | D:1      | Reached XP level 3. HP: 1/16 MP: 0/7
  3083 | D:2      | Learned a level 3 spell: Frozen Ramparts
  3326 | D:2      | Gained mutation: Your natural rate of healing is unusually
                  | fast. [Vine Stalker growth]
  3326 | D:2      | Reached XP level 4. HP: 18/21 MP: 6/9
  3522 | D:2      | Found a hazy altar of Hepliaklqana.
  3771 | D:2      | Became a worshipper of Hepliaklqana the Forgotten
  4046 | D:2      | Learned a level 3 spell: Ozocubu's Armour
  4435 | D:3      | Noticed Robin
  4444 | D:3      | Killed Robin
  4445 | D:3      | Reached XP level 5. HP: 24/24 MP: 10/10
  4683 | D:3      | Identified 3 scrolls of acquirement
  4683 | D:3      | Acquired the +1 pair of boots of Articulation {rElec rPois
                  | Regen+ Int-5}
  4695 | D:3      | Acquired 485 gold pieces
  4697 | D:3      | Acquired Zeass's Reference Book on Bewitchment and the
                  | Birds
  5016 | D:3      | Identified the ring "Nudwyly" {rElec rN+ Dex+6 Slay-6}
  6147 | D:3      | Reached skill level 1 in Unarmed Combat
  6306 | D:3      | Reached XP level 6. HP: 29/29 MP: 6/12
  6537 | D:3      | Reached skill level 1 in Fighting
  6757 | D:3      | Reached skill level 5 in Ice Magic
  7471 | D:3      | Reached XP level 7. HP: 30/33 MP: 9/13
  7826 | D:3      | Learned a level 4 spell: Hailstorm
  8675 | D:4      | Reached * piety under Hepliaklqana
  8705 | D:4      | Reached skill level 5 in Stealth
  8705 | D:4      | Reached skill level 1 in Invocations
  8982 | D:4      | Reached skill level 1 in Conjurations
  9561 | D:4      | Gained mutation: You have razor-sharp teeth. [Vine Stalker
                  | growth]
  9561 | D:4      | Reached XP level 8. HP: 32/35 MP: 11/15
  9694 | D:5      | Entered Level 5 of the Dungeon
  9705 | D:5      | Found a runed translucent gate.
  9707 | D:5      | Found a runed translucent gate.
  9707 | D:5      | Found a runed translucent gate.
  9709 | D:5      | Noticed sirJeffrey23's ghost (novice DgGl)
  9740 | D:5      | Found a shimmering blue altar of Sif Muna.
  9745 | D:5      | Found an opulent altar of Gozag.
 10053 | D:5      | Identified the +5 flail of Okawaru's Whim {flame, Int+6}
 10098 | D:5      | HP: 1/35 [something (2)]
 10098 | D:5      | Slain by a sky beast

Illustrated notes

Levels and vault maps discovered:
D:1:      eino_arrival_water_star, layout_loops_ring, serial_shops,
          nicolae_shop_bloodbath_and_beyond
D:2:      layout_rooms, basic_altar, nrook_loot_triangle
D:3:      lemuel_castle_with_subvaults [lemuel_castle_interior_carwin_2],
          layout_basic, uniq_robin
D:4:      layout_loops_corners, serial_bayou_pond_a, kennysheep_generic_room_7
D:5:      layout_basic, mainiacjoe_overflow_big_doors,
          ebering_ghost_rock_garden, nicolae_take_the_stairs

Skill      XL: |  1  2  3  4  5  6  7  8 |
---------------+-------------------------+-----
Stealth        | 3 4 5 |  5.6
Dodging        | 2 3 |  3.0
Spellcasting   | 3 4 |  4.6
Unarmed Combat | 1 2 3 |  3.0
Fighting       | 1 2 |  2.7
Ice Magic      | 5 |  5.7
Invocations    | 1 2 |  2.0
Conjurations   | 1 |  1.8

Action                   |  1- 3 |  4- 6 |  7- 9 || total
-------------------------+-------+-------+-------++-------
Melee: Unarmed           |   139 |   115 |   203 ||   457
       Bite              |    28 |    37 |    52 ||   117
       Punch             |     1 |     1 |     6 ||     8
Throw: Dart              |       |     1 |       ||     1
 Cast: Freeze            |    37 |    54 |    13 ||   104
       Frozen Ramparts   |       |    10 |     6 ||    16
Invok: Ancestor Identity |       |       |     1 ||     1
  Use: Scroll            |       |     9 |     2 ||    11
       Potion            |       |     1 |       ||     1
 Stab: Sleeping          |     9 |       |     7 ||    16
       Distracted        |       |     1 |       ||     1
Armor: Robe              |    34 |    14 |    24 ||    72
Dodge: Dodged            |   121 |   149 |   162 ||   432

Table legend: (Time is in decaauts)
 A = Elapsed time spent in this place.
 B = Non-inter-level travel time spent in this place.
 C = Inter-level travel time spent in this place.
 D = Time resting spent in this place.
 E = Time spent auto-exploring this place.
 F = Levels seen in this place.
 G = Mean time per level.
                   A        B        C        D        E       F      G
               +--------+--------+--------+--------+--------+-----+--------+
         Total |  10095 |   9977 |    118 |   4979 |   2847 |   5 | 2019.0 |
       Dungeon |  10095 |   9977 |    118 |   4979 |   2847 |   5 | 2019.0 |
               +--------+--------+--------+--------+--------+-----+--------+

Top non-repeatable levels by time:
     D:3: 4573 daAuts
     D:1: 2609 daAuts
     D:2: 1444 daAuts
     D:4: 1067 daAuts
     D:5: 401 daAuts
